 Dungeon Crawl Stone Soup version 0.29-a0-234-g0dae59b3db (webtiles) character file.

Game seed: 17794360572915607523

912 HotDog the Slasher (level 7, -2/91 HPs)
             Began as a Minotaur Fighter on Mar 2, 2022.
             Was an Initiate of the Shining One.
             Killed from afar by an electric eel (9 damage)
             ... with a bolt of electricity
             ... on level 6 of the Dungeon.
             The game lasted 00:09:35 (6784 turns).

HotDog the Slasher (Minotaur Fighter)               Turns: 6784, Time: 00:09:35

Health: -2/91      AC: 15    Str: 23    XL:     7   Next: 82%
Magic:  7/7        EV:  8    Int:  5    God:    the Shining One [......]
Gold:   275        SH:  4    Dex:  9    Spells: 6/6 levels left

rFire   . . .      SeeInvis .   d - +0 scimitar
rCold   . . .      Faith    .   c - +0 buckler
rNeg    . . .      Spirit   .   f - +3 chain mail
rPois   .          Reflect  .   (helmet restricted)
rElec   .          Harm     .   (no cloak)
rCorr   .          Rampage  .   m - +0 pair of gloves
Will    .....                   n - +0 pair of boots
Stlth   ..........              (no amulet)
HPRegen 0.25/turn               (no ring)
MPRegen 0.10/turn               (no ring)

@: berserking, glowing, very quick
A: horns 2, retaliatory headbutt
a: Renounce Religion


You were on level 6 of the Dungeon.
You worshipped the Shining One.
The Shining One was noncommittal.
You visited 2 branches of the dungeon, and saw 7 of its levels.
You also visited: Sewer.

You collected 275 gold pieces.

Inventory:

Hand Weapons
 d - a +0 scimitar (weapon)
Armour
 c - a +0 buckler (worn)
 f - a +3 chain mail (worn)
 m - a +0 pair of gloves (worn)
 n - a +0 pair of boots (worn)
 x - a +0 cloak
Jewellery
 g - a ring of fire
 l - a ring of flight
 o - an amulet of faith
 p - a +6 ring of strength
Wands
 q - a wand of polymorph (4)
 s - a wand of digging (6)
 t - a wand of flame (13)
 w - a wand of iceblast (11)
Scrolls
 a - a scroll of immolation {unknown}
 b - 2 scrolls of amnesia
 e - a scroll of silence {unknown}
 i - a scroll of teleportation
 j - a scroll of magic mapping
 r - a scroll of vulnerability
 u - 2 scrolls of enchant armour {unknown}
 v - 2 scrolls of identify
Potions
 k - a potion of flight {unknown}


   Skills:
 * Level 5.2 Fighting
 * Level 6.7 Long Blades
 * Level 6.4 Armour
 * Level 2.8 Dodging
 * Level 5.3 Shields
 * Level 1.4 Invocations


You had 6 spell levels left.
You didn't know any spells.
Your spell library contained the following spells:

 Spells                   Type           Power      Damage    Failure   Level
 Animate Skeleton         Necr           0%         N/A       99%         1
 Pain                     Necr           0%         1d4       99%         1
 Sting                    Tmut/Pois      0%         1d3       99%         1
 Blink                    Tloc           0%         N/A       100%        2
 Poisonous Vapours        Pois/Air       0%         N/A       100%        2
 Lesser Beckoning         Tloc           0%         N/A       100%        3
 Vampiric Draining        Necr           0%         2d6       100%        3
 Olgreb's Toxic Radiance  Pois           0%         N/A       100%        4
 Alistair's Intoxication  Tmut/Pois      0%         N/A       100%        5
 Borgnjor's Vile Clutch   Necr/Erth      0%         N/A       100%        5
 Manifold Assault         Tloc           0%         N/A       100%        5
 Eringya's Noxious Bog    Tmut/Pois      0%         N/A       100%        6


Dungeon Overview and Level Annotations

Branches:
Dungeon (6/15)             Temple (1/1) D:5           Sewer (visited)

Altars:
Elyvilon
Gozag
Hepliaklqana
Qazlal
Sif Muna
Vehumet
Wu Jian
Xom
The Shining One

Shops:
D:3 :

Annotations:
D:4 Eustachio, Grinder


Innate Abilities, Weirdness & Mutations

You have a pair of horns on your head.
You reflexively headbutt those who attack you in melee.


Message History

The electric eel shoots out a bolt of lightning at you!
The bolt of electricity misses the sky beast.
The bolt of electricity misses you. The sky beast barely misses you.
You closely miss the sky beast. You block the sky beast's attack.
You closely miss the sky beast.
The sky beast hits you but does no damage.
You closely miss the sky beast. Your headbutt misses the sky beast.
The electric eel shoots out a bolt of lightning at you!
The bolt of electricity hits the sky beast.
The sky beast completely resists.
The bolt of electricity hits you!
The sky beast hits you but does no damage.
The sky beast hits you but does no damage.
You are too injured to fight recklessly!
You hit the sky beast.
The sky beast is lightly wounded.
The electric eel shoots out a bolt of lightning at you!
The bolt of electricity hits the sky beast.
The sky beast completely resists.
The bolt of electricity hits you.
The sky beast flickers out of sight!
Deactivating autopickup; reactivate with Ctrl-A.
Something hits you. Something shocks you.
* * * LOW HITPOINT WARNING * * *
The electric eel shoots out a bolt of lightning at you!
The bolt of electricity hits something.
The bolt of electricity hits you!
* * * LOW HITPOINT WARNING * * *
A sky beast appears from thin air!
Reactivating autopickup.
You barely miss the sky beast.
The sky beast is lightly wounded.
The electric eel shoots out a bolt of lightning at you!
The bolt of electricity hits the sky beast.
The sky beast completely resists.
The bolt of electricity hits you.
* * * LOW HITPOINT WARNING * * *
The sky beast hits you but does no damage.
A red film seems to cover your vision as you go berserk!
You feel yourself moving faster!
You feel mighty!
The electric eel shoots out a bolt of lightning at you!
The bolt of electricity hits the sky beast.
The sky beast completely resists.
The bolt of electricity hits you!
You die...

# ≈ .# ≈≈ .# # ≈P≈
#####.##.#. P≈≈.
####........). ≈≈≈.≈
#@<)..........
......#Y)###........
≈≈≈......# #........
≈P≈≈P.#..# #..#.....
≈≈≈≈S.#.......# ####
≈≈≈♣. .....##.# ≈≈
.....#### .# ≈ ##
.... .# #..## ##


You could see a sky beast and an electric eel.

Vanquished Creatures
  A water moccasin (Sewer)
  A sky beast (D:5)
  2 ogres (D:6)
  Blork the orc (D:4)
  A scorpion (D:4)
  A hound (D:4)
  Terence (D:2)
  An iguana (D:5)
  An orc wizard (D:5)
  Robin (D:2)
  6 adders
  10 gnolls
  A river rat (D:4)
  A white imp (D:6)
  2 dart slugs
  10 orcs
  11 bats
  4 endoplasms
  9 giant cockroaches
  10 hobgoblins
  10 jackals
  6 quokkas
  8 ball pythons
  3 frilled lizards (D:2)
  17 goblins
  7 kobolds
  4 rats (D:4)
130 creatures vanquished.

Vanquished Creatures (others)
  46 plants
46 creatures vanquished.

Grand Total: 176 creatures vanquished

Notes
Turn   | Place    | Note
-------+----------+-------------------------------------------
     0 | D:1      | HotDog the Minotaur Fighter began the quest for the Orb.
     0 | D:1      | Reached XP level 1. HP: 19/19 MP: 0/0
   238 | D:1      | Reached XP level 2. HP: 14/27 MP: 1/1
  1281 | D:2      | Reached XP level 3. HP: 33/33 MP: 2/2
  1340 | D:2      | Found a faded altar of an unknown god.
  1528 | D:2      | Noticed Robin
  1564 | D:2      | Killed Robin
  1565 | D:2      | Reached XP level 4. HP: 29/40 MP: 3/3
  1900 | D:2      | Noticed Terence
  1916 | D:2      | Killed Terence
  1917 | D:2      | Reached skill level 1 in Dodging
  2473 | D:3      | Found a stormy altar of Qazlal.
  2473 | D:3      | Found a shimmering altar of Xom.
  2534 | D:3      | Reached XP level 5. HP: 39/47 MP: 4/4
  3359 | D:3      | Found Vekefudir's Book Boutique.
  3429 | D:4      | Noticed Blork the orc
  3438 | D:4      | Killed Blork the orc
  3439 | D:4      | Reached skill level 5 in Armour
  3689 | D:4      | Found a glowing drain.
  3706 | D:4      | Reached XP level 6. HP: 33/53 MP: 5/5
  3778 | Sewer    | Entered a sewer
  3849 | Sewer    | Noticed a water moccasin
  3857 | Sewer    | Killed a water moccasin
  3858 | Sewer    | Reached skill level 5 in Long Blades
  4138 | D:4      | Noticed Grinder
  4527 | D:4      | Noticed Eustachio
  4577 | D:5      | Entered Level 5 of the Dungeon
  4705 | D:5      | Found a staircase to the Ecumenical Temple.
  4728 | Temple   | Entered the Ecumenical Temple
  4746 | Temple   | Became a worshipper of the Shining One
  4928 | D:5      | Reached XP level 7. HP: 60/60 MP: 6/6
  5086 | D:5      | Reached skill level 5 in Fighting
  5086 | D:5      | Reached skill level 5 in Shields
  5664 | D:5      | Noticed a two-headed ogre
  6619 | D:6      | Reached skill level 1 in Invocations
  6784 | D:6      | Killed from afar by an electric eel

Illustrated notes

Levels and vault maps discovered:
D:1:      dpeg_arrival_shrine, layout_basic, minmay_quantized
D:2:      layout_rooms, basic_ecumenical_altar, uniq_terence, uniq_robin
D:3:      layout_loops_ring, mainiacjoe_overflow_divided_tiny, serial_shops,
          nicolae_shop_crystal, kennysheep_generic_room_13
D:4:      layout_cave_pods, portal_sewer_entry_e, minmay_stone_trees_small,
          uniq_eustachio, uniq_grinder, uniq_blork_the_orc
D:5:      layout_loops_corners, minmay_temple_entry_offerings,
          serial_bayou_lagoon_a, grunt_ministairs_10
D:6:      layout_loops_ring, serial_bayou_lagoon_b, uniq_maggie
Temple:   compressed_dpeg_circular_temple

Skill      XL: |  1  2  3  4  5  6  7 |
---------------+----------------------+-----
Armour         | 4 5 6 |  6.4
Shields        | 4 5 |  5.3
Fighting       | 4 5 |  5.2
Long Blades    | 3 4 5 6 |  6.7
Dodging        | 1 2 |  2.8
Invocations    | 1 |  1.4

Action                   |  1- 3 |  4- 6 |  7- 9 || total
-------------------------+-------+-------+-------++-------
Melee: Long sword        |   127 |   145 |       ||   272
       Headbutt          |    12 |    29 |    15 ||    56
       Scimitar          |       |    82 |   103 ||   185
  Use: Scroll            |     1 |     4 |       ||     5
       Potion            |       |     3 |     1 ||     4
Armor: Chain mail        |    96 |   187 |    69 ||   352
Dodge: Dodged            |    50 |   119 |    41 ||   210
Block: Buckler           |    36 |    64 |    24 ||   124

Table legend: (Time is in decaauts)
 A = Elapsed time spent in this place.
 B = Non-inter-level travel time spent in this place.
 C = Inter-level travel time spent in this place.
 D = Time resting spent in this place.
 E = Time spent auto-exploring this place.
 F = Levels seen in this place.
 G = Mean time per level.
                   A        B        C        D        E       F      G
               +--------+--------+--------+--------+--------+-----+--------+
         Total |   6899 |   6779 |    120 |   1701 |   3811 |   8 |  862.4 |
       Dungeon |   6564 |   6444 |    120 |   1701 |   3534 |   6 | 1094.0 |
        Temple |     35 |     35 |      0 |      0 |      9 |   1 |   35.0 |
         Sewer |    299 |    299 |      0 |      0 |    268 |   1 |  299.0 |
               +--------+--------+--------+--------+--------+-----+--------+

Top non-repeatable levels by time:
     D:5: 1991 daAuts
     D:3: 1599 daAuts
     D:1: 1284 daAuts
     D:2: 881 daAuts
     D:4: 626 daAuts
   Sewer: 299 daAuts
     D:6: 182 daAuts
  Temple: 35 daAuts
